[Event "Metz op 31th"]
[Site "Metz"]
[Date "2013.04.25"]
[Round "9"]
[White "Crut, Aurelien"]
[Black "Hilverda, Alexander"]
[Result "1-0"]
[ECO "C50"]
[WhiteElo "2367"]
[BlackElo "2329"]
[Annotator "Metz Alekhine/Primel,D"]
[PlyCount "45"]
[EventDate "2013.04.20"]
[EventType "swiss"]
[EventRounds "9"]
[EventCountry "FRA"]
[SourceTitle "EXT 2016"]
[Source "ChessBase"]
[SourceDate "2015.10.08"]
[SourceVersion "1"]
[SourceVersionDate "2015.10.08"]
[SourceQuality "1"]
[TimeControl "40/5400:1800+30"]
[WhiteClock "1:30:00"]
[BlackClock "1:30:00"]

1. e4 e5 2. Nf3 Nc6 3. Bc4 Bc5 4. d3 Nf6 5. Nc3 a6 6. Bg5 h6 7. Bxf6 Qxf6 8.
Nd5 Qd8 9. c3 Ba7 (9... d6 {La grande ligne} 10. d4 Ba7) 10. d4 exd4 {Les
Noirs risquent de manquer de contre-jeu après l'abandon du centre} (10... O-O
11. Nxe5 Nxe5 12. dxe5 Qg5 13. Qf3 Qxe5 14. O-O d6 15. Bb3 c6 16. Ne3 Be6 17.
Rad1 Rad8 18. Rfe1 Rfe8 19. Nf5 Bc5 20. h3 Rd7 21. Qg3 Qf6 22. Bxe6 Rxe6 23.
Nd4 Re5 24. Qf3 Qg6 25. Qg4 Qxg4 26. hxg4 Rg5 27. f3 d5 28. Kf1 dxe4 29. Rxe4
Rgd5 30. Ke2 g6 31. Rd3 Kg7 32. Rde3 Bxd4 33. Rxd4 Rxd4 34. cxd4 Rxd4 35. Re7
b5 36. Rc7 Ra4 37. a3 b4 38. axb4 Rxb4 39. Rxc6 Rxb2+ 40. Kf1 {Crut,A (2336)
-Le Roux,J (2559) Pau 2012 0-1 (69)}) 11. cxd4 O-O 12. O-O d6 13. h3 Kh8 $146 {
Trop lent} (13... Ne7 $142 {[%cal Gc8e6] ;Crut,A (2302)-Pap,M (2521) Metz op
28th 2010 (2) 0-1}) (13... b5 14. Bb3 Na5 {Nevednichy,V (2572)-Navara,D (2708)
EU-ch 11th Rijeka 2010 (2) 0-1}) 14. Rc1 f5 (14... Be6) (14... Ne7) 15. Nf4 $1
fxe4 16. Ng6+ Kh7 17. Nxf8+ Qxf8 18. Ng5+ $1 Kh8 19. Qh5 $40 Ne7 20. Bb3 d5 $2
(20... Bb6 ) 21. Rxc7 Bb6 22. Qf7 $1 Bf5 23. Rxe7 1-0